 Dungeon Crawl Stone Soup version 0.17-a0-1397-g0eee0a3 (webtiles) character file.

31583 wotan the Brawler (level 13, -17/111 HPs)
             Began as a Ghoul Monk on June 17, 2015.
             Was the Champion of Makhleb.
             Blown up by a cacodemon (43 damage)
             ... with a bolt of energy
             ... created by the power of Zot
             ... on level 8 of the Lair of Beasts.
             The game lasted 01:28:39 (16096 turns).

wotan the Brawler (Ghoul Monk)                     Turns: 16096, Time: 01:28:39

Health: -17/111    AC: 10    Str: 17    XL:     13   Next: 59%
Magic:  18/18      EV: 23    Int: 12    God:    Makhleb [******]
Gold:   997        SH:  0    Dex: 27    Spells: 1 memorised, 9 levels left

rFire  . . .     SeeInvis .       - Unarmed
rCold  + + .     Clarity  .     x - +1 leather armour "Gaitz" {*Drain Dex+11}
rNeg   + + +     SustAt   .     (no shield)
rPois  ∞         Gourm    +     d - +2 helmet
rElec  .         Spirit   .     D - +0 cloak
rCorr  .         Warding  .     (no gloves)
rMut   .         Stasis   .     u - +0 pair of boots
MR     .....                    m - amulet of the gourmand
Stlth  ++++......               k - +3 ring of dexterity
                                n - ring "Nickunor" {rC+ Int+6 Stlth+}

@: marked, rotting, not resistant to hostile enchantments, stealthy
A: rotting body, claws 1, carnivore 3, cold resistance 1, negative energy
resistance 3, slow healing 1, torment resistance, unbreathing
a: Minor Destruction, Lesser Servant of Makhleb, Major Destruction, Greater
Servant of Makhleb, Renounce Religion


You were on level 8 of the Lair of Beasts.
You worshipped Makhleb.
Makhleb was exalted by your worship.
You were not hungry.

You visited 3 branches of the dungeon, and saw 17 of its levels.

You collected 997 gold pieces.

Inventory:

Hand weapons
 a - a +0 blowgun
Missiles
 f - 84 poisoned needles
 W - 14 poisoned bolts
Armour
 d - a +2 helmet (worn)
 u - a +0 pair of boots (worn)
 x - the +1 leather armour "Gaitz" (worn) {*Drain Dex+11}
   (You found it on level 5 of the Dungeon)

   It affects your dexterity (+11).
   It causes draining when unequipped.
 C - the +1 ring mail of Noakam {Str+2}
   (You found it on level 1 of the Lair of Beasts)

   It affects your strength (+2).
 D - a +0 cloak (worn)
Jewellery
 k - a +3 ring of dexterity (right claw)
 m - an amulet of the gourmand (around neck)
 n - the ring "Nickunor" (left claw) {rC+ Int+6 Stlth+}
   (You found it on level 5 of the Dungeon)

   [ring of protection from cold]

   It affects your intelligence (+6).
   It protects you from cold.
   It makes you more stealthy.
 p - an uncursed ring of sustain attributes
 t - an uncursed ring of protection from magic
 U - an uncursed ring of ice
Magical devices
 h - a wand of teleportation (4)
 l - a wand of flame (25)
 s - a wand of draining (6)
 v - a wand of polymorph (11)
 y - a wand of heal wounds (0)
 F - a wand of fire (9)
 P - a wand of frost (26)
 T - a wand of confusion (20)
 V - a wand of random effects (22)
Scrolls
 g - 4 scrolls of enchant armour
 j - 2 scrolls of fog
 B - 4 scrolls of remove curse
 L - 4 scrolls of magic mapping
 M - 2 scrolls of amnesia
 X - 5 scrolls of teleportation
Potions
 c - 4 potions of agility
 q - 4 potions of might
 r - 7 potions of curing
 w - 4 potions of haste
 z - 2 potions of flight
 E - a potion of ambrosia
 H - a potion of cancellation
 I - 5 potions of resistance
 K - a potion of brilliance
 R - 2 potions of invisibility
Books
 e - a book of Flames

   Spells                             Type                      Level
   a - Flame Tongue                   Conjuration/Fire             1
   b - Throw Flame                    Conjuration/Fire             2
   c - Conjure Flame                  Conjuration/Fire             3
   d - Inner Flame                    Hexes/Fire                   3
   e - Sticky Flame                   Conjuration/Fire             4
   f - Fireball                       Conjuration/Fire             5
 o - a book of the Sky

   Spells                             Type                      Level
   a - Summon Lightning Spire         Summoning/Air                4
   b - Airstrike                      Air                          4
   c - Silence                        Hexes/Air                    5
   d - Deflect Missiles               Charms/Air                   6
   e - Conjure Ball Lightning         Conjuration/Air              6
   f - Tornado                        Air                          9
 A - a book of Conjurations

   Spells                             Type                      Level
   a - Magic Dart                     Conjuration                  1
   b - Searing Ray                    Conjuration                  2
   c - Dazzling Spray                 Conjuration/Hexes            3
   d - Fulminant Prism                Conjuration/Hexes            4
   e - Iskenderun's Mystic Blast      Conjuration                  4
   f - Iskenderun's Battlesphere      Conjuration/Charms           5
 J - a book of Transfigurations

   Spells                             Type                      Level
   a - Stoneskin                      Transmutation/Earth          2
   b - Irradiate                      Conjuration/Transmutation    5
   c - Statue Form                    Transmutation/Earth          6
   d - Hydra Form                     Transmutation                6
   e - Dragon Form                    Transmutation                7
 Q - a book of Geomancy

   Spells                             Type                      Level
   a - Sandblast                      Earth                        1
   b - Stoneskin                      Transmutation/Earth          2
   c - Passwall                       Transmutation/Earth          3
   d - Stone Arrow                    Conjuration/Earth            3
   e - Petrify                        Transmutation/Earth          4
   f - Lee's Rapid Deconstruction     Earth                        5
 S - a book of Enchantments

   Spells                             Type                      Level
   a - Cause Fear                     Hexes                        4
   b - Silence                        Hexes/Air                    5
   c - Deflect Missiles               Charms/Air                   6
   d - Haste                          Charms                       6
   e - Discord                        Hexes                        8
Comestibles
 b - 12 meat rations
 G - 7 beef jerkies
 N - 9 royal jellies
 O - a slice of pizza
 Y - 5 chunks of flesh


   Skills:
 - Level 9.0 Fighting
 - Level 5.1 Armour
 - Level 10.2 Dodging
 - Level 2.1 Stealth
 - Level 15.7 Unarmed Combat
 + Level 1.7 Conjurations
 - Level 6.3 Earth Magic
 - Level 9.2 Invocations


You had 9 spell levels left.
You knew the following spells:

 Your Spells              Type           Power        Failure   Level  Hunger
a - Stone Arrow           Conj/Erth      #.....       24%         3    ####...


Dungeon Overview and Level Annotations

Branches:
Dungeon (8/15)             Temple (1/1) D:4            Lair (8/8) D:8
  Snake (0/4) Lair:3
  Swamp: Lair:3-6    Shoals: Lair:3-6     Slime: Lair:6-8

Altars:
Ashenzari
Cheibriados
Dithmenos
Elyvilon
Fedhas
Gozag
Kikubaaqudgha
Makhleb
Nemelex Xobeh
Okawaru
Qazlal
Ru
Sif Muna
Trog
Vehumet
Xom
Yredelemnul
Zin
The Shining One

Shops:
D:7 [:

Portals:
Labyrinth: Lair:8

Annotations:
Lair:3 Gastronok, Harold


Innate Abilities, Weirdness & Mutations

Your body is rotting away.
You thrive on raw meat.
You are immune to poison.
You have sharp fingernails.
You are carnivorous and can eat meat at any time.
Your flesh is cold resistant.
You are immune to negative energy.
You heal slowly when monsters are visible.
You are immune to unholy pain and torment.
You can survive without breathing.


Message History

The black mamba completely misses you.
A catoblepas comes into view.
The bush is engulfed in roaring flames.
The cacodemon is engulfed in roaring flames.
The fire drake breathes flames at you. The blast of flame hits you!
* * * LOW HITPOINT WARNING * * *
Found a forked bronze wand.
The black mamba completely misses you. The wolf bites you but does no damage.
The death yak is engulfed in roaring flames.
Found an escape hatch in the ceiling.
You see here a fruit.
The death yak is engulfed in roaring flames.
The black mamba closely misses you. The wolf misses you.
Found 2 fruits.
The black mamba barely misses you.
Found a fruit.
The cacodemon gestures at you.
The bolt of energy hits the bush.
The bolt of energy hits you!
You die...

..P....#.......P....#P..#*
##P....#.#...#P..#.#.....*
.*..#),,*,,.......#.#...##
#.,#.,,,...........#*...#**
**,,,,*##.......<..#*,,,*,**
,**,,,.#.#...,.....,**..,,,**
*****,/.♣....♣♣...♣♣*...,,*,* *
***..♣.♣...P%..♣....,,,**
########.%♣.Y...@%....%.,,*,**
.#......#♣....FPh......♣,,,,,*
..............%.S%...P..,,,***
............S.%k..%.....,*,*
.......♣.P..Y...........**,**
S.P....♣P...2.S......P..,*,,**
.PP........YP..........P,,,,,**
..PPP.§§.%......8.....%.,,,,,,*
P###P.§§P§.............%,,,,,,*


You could see a cacodemon, 2 death yaks, a catoblepas, a black mamba, a spiny
frog, a fire drake, 2 water moccasins and a wolf.

Vanquished Creatures
  A catoblepas (Lair:7)
  23 elephants
  2 black mambas (Lair:3)
  16 spiny frogs
  5 komodo dragons
  2 fire drakes
  3 blink frogs (Lair:3)
  Grinder (D:6)
  A boulder beetle (Lair:7)
  3 wyverns
  The ghost of Aiteri the Skirmisher, an average HOFi (D:4)
  4 hippogriffs
  21 yaks
  11 wolves
  A hungry ghost (D:6)
  Menkaure (D:4)
  2 soldier ants (D:8)
  10 porcupines
  11 water moccasins
  3 black bears
  A necrophage (D:6)
  A spider (D:8)
  3 ogres
  3 ice beasts
  A phantom (D:8)
  8 crocodiles
  An orc warrior (D:7)
  2 centaurs
  9 giant frogs
  A big kobold (D:7)
  A gnoll sergeant (D:6)
  A water moccasin skeleton (D:6)
  4 scorpions
  6 killer bees
  3 electric eels
  A wasp zombie (D:5)
  Crazy Yiuf (D:4)
  4 jellies
  A giant frog skeleton (D:7)
  4 iguanas
  4 orc wizards
  7 hell rats (Lair:7)
  10 sheep
  5 worker ants
  A hound skeleton (D:4)
  A worker ant zombie (D:5)
  Robin (D:2)
  12 gnolls
  6 adders
  39 river rats
  3 shadow imps
  An ooze (D:4)
  5 worms
  7 giant geckos
  22 orcs
  2 bat skeletons
  16 goblins
  9 hobgoblins
  6 jackals
  5 quokkas
  29 bats
  4 giant cockroaches
  A giant cockroach zombie (D:6)
  4 giant newts
  17 kobolds
  8 rats
  A fungus (D:8)
404 creatures vanquished.

Vanquished Creatures (collateral kills)
  4 hydras
  Pikel (D:4)
  An elephant (D:8)
  A black mamba (Lair:7)
  A crocodile (Lair:1)
  A giant frog (Lair:1)
9 creatures vanquished.

Vanquished Creatures (others)
  A wolf (Lair:8)
  29 fungi
  15 plants
45 creatures vanquished.

Grand Total: 458 creatures vanquished

Notes
Turn   | Place    | Note
--------------------------------------------------------------
     0 | D:1      | wotan the Ghoul Monk began the quest for the Orb.
     0 | D:1      | Reached XP level 1. HP: 19/19 MP: 0/0
   558 | D:1      | Reached XP level 2. HP: 25/25 MP: 1/1
   771 | D:2      | Found a shimmering altar of Xom.
   868 | D:2      | Noticed Robin
   871 | D:2      | Reached skill level 5 in Unarmed Combat
   894 | D:1      | quik: vamos wotan!
  1085 | D:2      | Reached XP level 3. HP: 21/30 MP: 2/2
  1264 | D:2      | Killed Robin
  1615 | D:3      | Reached XP level 4. HP: 28/37 MP: 3/3
  1636 | D:3      | Reached skill level 6 in Unarmed Combat
  2154 | D:3      | Reached XP level 5. HP: 45/45 MP: 4/4
  2294 | D:4      | wotan: vamos!
  2308 | D:4      | Reached skill level 1 in Armour
  2550 | D:4      | Reached XP level 6. HP: 51/51 MP: 5/5
  2567 | D:4      | Noticed Aiteri's ghost (average HOFi)
  2777 | D:4      | Noticed Menkaure
  2796 | D:5      | Entered Level 5 of the Dungeon
  2901 | D:5      | Got a steaming bone ring
  2998 | D:5      | Got a spiked leather armour
  3009 | D:5      | Identified the +1 leather armour "Gaitz" {*Drain Dex+11} (You found it on level 5 of the Dungeon)
  3009 | D:5      | wotan: +11!!!
  3009 | D:5      | wotan: xD
  3619 | D:5      | quik: +11 que?
  3916 | D:4      | wotan: destreza xD
  3916 | D:4      | wotan: la armadura que tengo
  3921 | D:4      | Found a staircase to the Ecumenical Temple.
  3930 | Temple   | Entered the Ecumenical Temple
  3931 | Temple   | quik: caray
  3960 | Temple   | quik: enseña a ver
  3992 | Temple   | Became a worshipper of Makhleb the Destroyer
  3992 | Temple   | Acquired Makhleb's first power
  3992 | Temple   | Acquired Makhleb's second power
  4002 | D:4      | quik: mola
  4002 | D:4      | quik: xD
  4002 | D:4      | wotan: causa draining, de momento no la quito xD
  4002 | D:4      | quik: ferpecto
  4002 | D:4      | wotan: eso es lo que me baja stats, no?
  4002 | D:4      | quik: si
  4002 | D:4      | quik: pues con esa armadura entrena mas dodging que armor
  4002 | D:4      | wotan: entonces un ring de sustain attributes, todo como la seda, no? xD
  4002 | D:4      | quik: el ring ese solo vale para dex, int, str
  4003 | D:4      | Identified the ring "Nickunor" {rC+ Int+6 Stlth+} (You found it on level 5 of the Dungeon)
  4004 | D:4      | quik: joder dos artifacts en D:4
  4004 | D:4      | quik: esto ya casi es partida ganada
  4004 | D:4      | quik: xD
  4004 | D:4      | wotan: pero pereré igual! xD
  4004 | D:4      | wotan: perdere
  4004 | D:4      | quik: XD
  4004 | D:4      | wotan: con este ya casi me puedo hacer mago
  4004 | D:4      | quik: XDD pues si
  4067 | D:4      | Noticed Crazy Yiuf
  4082 | D:4      | Killed Crazy Yiuf
  4082 | D:4      | Reached XP level 7. HP: 57/57 MP: 6/6
  4215 | D:4      | Noticed a slave
  4216 | D:4      | Noticed Pikel
  4216 | D:4      | Noticed a slave
  4320 | D:4      | Reached skill level 7 in Unarmed Combat
  4425 | D:6      | Noticed a hungry ghost
  4433 | D:6      | Killed a hungry ghost
  4462 | D:6      | Found a sparkling altar of Nemelex Xobeh.
  4489 | D:6      | wotan: ahora soy como el de splinter cell
  4527 | D:6      | Reached skill level 1 in Invocations
  4529 | D:6      | quik: XDD
  4666 | D:6      | quik: este lo puedes jugar mas stealthy, con mas dodge y con utility spells, si prefieres
  4666 | D:6      | quik: xD
  4818 | D:6      | wotan: xD
  4818 | D:6      | wotan: puedo probar
  4818 | D:6      | wotan: a lo mejor asi se me cura el sindrome mibe
  4858 | D:6      | quik: XD
  4866 | D:6      | Reached XP level 8. HP: 63/63 MP: 8/10
  4878 | D:6      | quik: yo ya tengo una runa y estoy haciendo vaults y no me ha salido un solo artefacto que no sean armas que no uso xD
  4901 | D:6      | Reached skill level 5 in Invocations
  4904 | D:6      | Noticed Grinder
  4912 | D:6      | Paralysed by Grinder for 4 turns
  4922 | D:6      | wotan: mima xD
  4923 | D:6      | quik: XD
  4923 | D:6      | wotan: ahora grinder estuvo a punto de estrenarse conmigo
  4923 | D:6      | wotan: pero me escape a tiempo
  4924 | D:6      | quik: jaja ya vi, nice
  4960 | D:6      | quik: y wand of teleport, btw
  4975 | D:6      | quik: tienes una joya en las manos
  4975 | D:6      | quik: xD
  5083 | D:6      | wotan: xDD
  5517 | D:4      | Killed Menkaure
  5522 | D:4      | Noticed a slave
  5522 | D:4      | Noticed a slave
  5612 | D:4      | Reached skill level 5 in Fighting
  5833 | D:4      | Killed Aiteri's ghost
  6002 | D:5      | Acquired Makhleb's third power
  6209 | D:7      | Found Avir's Antique Armour Shoppe.
  6330 | D:7      | wotan: bueno, pues paro aqui
  6330 | D:7      | wotan: que hay que ver a los suizos!
  6330 | D:7      | quik: muito ben
  6330 | D:7      | quik: y got!
  6330 | D:7      | quik: xD
  6411 | D:7      | Reached XP level 9. HP: 77/77 MP: 11/11
  6473 | D:7      | Found a snail-covered altar of Cheibriados.
  6569 | D:6      | Found a burning altar of Makhleb.
  6644 | D:7      | Acquired Makhleb's fourth power
  6669 | D:7      | Found Kijuis's Book Shoppe.
  6878 | D:7      | Reached skill level 5 in Dodging
  7101 | D:7      | Reached skill level 8 in Unarmed Combat
  7449 | D:6      | Found a sparkling altar of Nemelex Xobeh.
  7624 | D:6      | Paralysed by Grinder for 2 turns
  7634 | D:6      | Killed Grinder
  7634 | D:6      | Reached skill level 9 in Unarmed Combat
  7791 | D:4      | Killed Pikel
  7791 | D:4      | Reached skill level 10 in Unarmed Combat
  8143 | D:8      | Reached XP level 10. HP: 86/86 MP: 12/12
  8159 | D:8      | Reached skill level 11 in Unarmed Combat
  8272 | D:8      | Found a staircase to the Lair.
  8294 | D:8      | Noticed an elephant
  8647 | Lair:1   | Entered Level 1 of the Lair of Beasts
  8944 | Lair:1   | Noticed a five-headed hydra
  9132 | D:8      | Killed an elephant
  9646 | D:8      | Acquired Makhleb's fifth power
  9749 | Lair:1   | Killed a five-headed hydra
  9920 | Lair:1   | Found a stormy altar of Qazlal.
  9942 | Lair:1   | Got an encrusted ring mail
  9955 | Lair:1   | Identified the +1 ring mail of Noakam {Str+2} (You found it on level 1 of the Lair of Beasts)
 10242 | Lair:1   | Reached XP level 11. HP: 92/92 MP: 16/16
 11053 | Lair:2   | Found a shimmering altar of Xom.
 11437 | Lair:2   | Reached skill level 10 in Dodging
 11634 | Lair:2   | Reached skill level 12 in Unarmed Combat
 11725 | Lair:2   | Reached XP level 12. HP: 78/100 MP: 17/17
 11990 | Lair:2   | Reached skill level 13 in Unarmed Combat
 12324 | Lair:2   | Reached skill level 14 in Unarmed Combat
 12352 | Lair:3   | Noticed Gastronok
 12755 | Lair:3   | Reached skill level 15 in Unarmed Combat
 12778 | Lair:3   | Noticed Harold
 13022 | Lair:3   | Found a staircase to the Snake Pit.
 13393 | Lair:4   | Noticed a five-headed hydra
 13402 | Lair:4   | Killed a five-headed hydra
 13765 | Lair:4   | Reached XP level 13. HP: 103/103 MP: 18/18
 14333 | Lair:5   | Learned a level 3 spell: Stone Arrow
 14340 | Lair:5   | You fall through a shaft!
 14494 | Lair:6   | Reached skill level 5 in Armour
 14582 | Lair:6   | Identified a scroll of acquirement
 15102 | Lair:6   | quik: ta ta ra ta ra ta ra ta ra
 15117 | Lair:6   | wotan: ahora tengo que ser prudente!
 15117 | Lair:6   | quik: be prudent my friend!
 15117 | Lair:6   | wotan: que de vez en cuando aparece algun amarillo que me da buenos viajes
 15117 | Lair:6   | quik: haha
 15117 | Lair:6   | wotan: supongo que por llevar leather armour
 15145 | Lair:7   | quik: si, el EV mete varianza en el algoritmo
 15160 | Lair:7   | quik: me haces un dump?
 15431 | Lair:7   | Reached skill level 5 in Earth Magic
 15654 | Lair:7   | wotan: en un nivel tengo esperando a gastronok y harold
 15860 | Lair:8   | Entered Level 8 of the Lair of Beasts
 15868 | Lair:8   | Reached skill level 1 in Conjurations
 15947 | Lair:8   | Found a labyrinth entrance.
 16081 | Lair:8   | Noticed a cacodemon
 16093 | Lair:8   | quik: ufa
 16095 | Lair:8   | quik: la que hay ahi montada
 16096 | Lair:8   | Blown up by a cacodemon

Vault maps used:
D:1:      dpeg_arrival_tiny_j, minivault_5
D:2:      xom_teletrap_fun, uniq_robin
D:4:      temple_doors_d, uniq_pikel, uniq_menkaure, uniq_crazy_yiuf_cottage
D:5:      first_bread
D:6:      lemuel_upstairs_altar, lemuel_crystal_altar, uniq_grinder
D:7:      lemuel_crystal_altar, serial_shops, shop,
          nicolae_shop_overgrown_old_shop
D:8:      old_forge, david_lair_generic, hangedman_pestilent_swarm
Temple:   nicolae_temple_x_marks_the_god_16
Lair:1:   wad_woods_stonehenge
Lair:2:   mu_elephants_graveyard, basic_altar
Lair:3:   elwin_shoals_entry_rocks, dummy_snake_entry, uniq_harold,
          uniq_gastronok
Lair:5:   guppyfry_snake_entry_island, serial_bayou_shore_b, uniq_kirke
Lair:6:   lookout_lair_type, cheibrodos_lair_caveside_slide, grunt_megastairs_3
Lair:7:   lemuel_fruit_fields, grunt_megastairs_1
Lair:8:   evilmike_catoblepas_cave, slime_altar_1, lab_entry_generic,
          grunt_forest_large_clearings, bh_autumn_forest_stairs

Action                   |  1- 3 |  4- 6 |  7- 9 | 10-12 | 13-15 || total
-------------------------+-------+-------+-------+-------+-------++-------
Melee: Unarmed           |   108 |   167 |   374 |   686 |   274 ||  1609
 Fire: Blowgun           |       |       |       |     8 |       ||     8
Invok: Lesser Servant of |       |       |     4 |     6 |     5 ||    15
       Minor Destruction |       |       |     1 |       |       ||     1
Evoke: Wand              |       |       |     1 |     1 |     1 ||     3
  Use: Scroll            |    10 |     5 |     1 |    11 |     7 ||    34
       Potion            |       |       |       |       |     3 ||     3
 Stab: Sleeping          |     1 |     5 |    17 |    12 |    11 ||    46
       Distracted        |       |       |     2 |     1 |     2 ||     5
       Held in net/web   |       |       |       |     1 |       ||     1
  Eat: Chunk             |     6 |    11 |    18 |    27 |     9 ||    71
